 Dungeon Crawl Stone Soup version 0.31-a0-542-gdc2a67831c (webtiles) character file.

Game seed: 6365789683366722685

121 LeprechaunX the Ruffian (level 5, -3/34 HPs)
             Began as an Octopode Shapeshifter on Aug 14, 2023.
             Succumbed to a scorpion's poison
             ... on level 3 of the Dungeon.
             The game lasted 00:02:12 (1531 turns).

LeprechaunX the Ruffian (Octopode Shapeshifter)     Turns: 1531, Time: 00:02:13

Health: -3/34      AC:  1    Str: 16    XL:     5   Next: 5%
Magic:  5/5        EV: 13    Int: 11    God:
Gold:   121        SH:  0    Dex: 12    Spells: 4/4 levels left

rFire   . .          .
                       - Unarmed
rCold   . . .        (no shield)
rNeg    . . .        (helmet currently unavailable)
rPois   .            (no amulet)
rElec   .            (no ring)
rCorr   .            (no ring)
SInv    .            (no ring)
Will    .....        (no ring)
Stlth   ++           (no ring)
HPRegen 0.25/turn    (no ring)
MPRegen 0.09/turn    (no ring)
                     (no ring)

%: no passive effects
@: lethally poisoned (-3 -> -35), beast-form, hasted, very quick
A: beast (slay +2), almost no armour, amphibious, 8 rings, camouflage 1,
gelatinous body 1, (nimble swimmer 1), tentacles
a: Begin Untransformation


You were on level 3 of the Dungeon.
You were a hulking beast.
You visited 1 branch of the dungeon, and saw 3 of its levels.

You collected 121 gold pieces.

Inventory:

Missiles
 e - 2 javelins (quivered)
Jewellery
 o - a +6 ring of dexterity
Talismans
 b - a beast talisman (active)
 c - a flux talisman
Scrolls
 d - 5 scrolls of teleportation {unknown}
 f - a scroll of poison {unknown}
 h - a scroll of fear {unknown}
 i - a scroll of enchant armour {unknown}
 j - a scroll of fog {unknown}
 l - a scroll of identify {unknown}
 m - 3 scrolls of brand weapon {unknown}
Potions
 a - a potion of lignification
 g - a potion of haste
 k - a potion of enlightenment {unknown}
 n - a potion of heal wounds {unknown}


   Skills:
 + Level 2.2 Fighting
 + Level 3.0 Dodging
 + Level 3.7 Unarmed Combat
 * Level 3.6 Shapeshifting


You had 4 spell levels left.
You didn't know any spells.
Your spell library was empty.

Dungeon Overview and Level Annotations

Branches:
Dungeon (3/15)

Altars:


Innate Abilities, Weirdness & Mutations

You are a hulking beast.
Your limbs bulge with bestial killing power. (Slay +2)
You cannot wear most types of armour.
You are amphibious.
You can wear up to eight rings at the same time.
Your skin changes colour to match your surroundings (Stealth+).
Your rubbery body absorbs attacks. (AC +1, EV +1)
((You are camouflaged when in or above water. (Stealth+)))
You have tentacles for arms and can constrict up to eight enemies at once.


Message History

You tentacle-slap the adder. You squeeze the adder!
You kill the adder!
Your Dodging skill increases to level 3!
You have reached level 5!
You feel clever.
A scorpion comes into view.
A scorpion is nearby!
A scorpion is nearby!
A rat comes into view.
A kobold comes into view.
It is wielding a +0 dagger and quivering poisoned darts.
Found 6 gold pieces.
The helpless scorpion fails to defend itself.
You tentacle-slap the scorpion but do no damage.
Your grab misses the scorpion. The rat closely misses you.
The scorpion stings you!
You closely miss the scorpion. You grab the scorpion.
You constrict the scorpion. The rat completely misses you.
The scorpion stings you.
You are poisoned.
The scorpion poisons you!
You tentacle-slap the scorpion.
The scorpion is lightly wounded.
You constrict the scorpion.
You feel very sick. The rat closely misses you. The scorpion stings you.
You are lethally poisoned!
The scorpion poisons you!
You tentacle-slap the scorpion.
The scorpion is moderately wounded.
You constrict the scorpion.
* * * LOW HITPOINT WARNING * * *
You feel very sick. The scorpion stings you!
* * * LOW HITPOINT WARNING * * *
You are more poisoned.
The scorpion poisons you! The rat barely misses you.
Unknown command.
It was a potion of haste.
You feel yourself speed up.
You constrict the scorpion, but do no damage.
You die...

...##.
##$....########
#.K...........#
##
#.............#
#.
..............#
#.
#.............#
#.
#.....sr......#
#.
#......h......##
#.
#..............#
#.
#..............#
#.
##...#########.##
#. #... #..# #.
#.. ##.##### #.
## #.....# #.
#####.# #. #.# #.


You could see a scorpion, a kobold (asleep) and a rat.

Vanquished Creatures
  Natasha (twice) (D:2)
  2 adders
  2 worms (D:2)
  2 dart slugs
  3 endoplasms
  2 giant cockroaches
  5 goblins
  4 hobgoblins
  6 kobolds
  3 quokkas
  2 ball pythons
  5 bats
  4 frilled lizards
  2 rats
44 creatures vanquished.

Notes
Turn   | Place    | Note
-------+----------+-------------------------------------------
     0 | D:1      | LeprechaunX the Octopode Shapeshifter began the quest for
                  | the Orb.
     0 | D:1      | Reached XP level 1. HP: 13/13 MP: 1/1
   108 | D:1      | Reached XP level 2. HP: 14/18 MP: 2/2
   466 | D:2      | Reached XP level 3. HP: 18/23 MP: 3/3
   497 | D:2      | Found a faded altar of an unknown god.
   760 | D:2      | Noticed Natasha
   765 | D:2      | Killed Natasha
   766 | D:2      | Reached XP level 4. HP: 25/29 MP: 4/4
   967 | D:2      | Noticed Natasha
   973 | D:2      | Killed Natasha
  1504 | D:3      | Identified the +4 hand axe of Qiefeuzi {speed, rPois Dex+2}
  1519 | D:3      | Reached XP level 5. HP: 34/34 MP: 5/5
  1531 | D:3      | Succumbed to a scorpion's poison

Illustrated notes

Levels and vault maps discovered:
D:1:      nicolae_arrival_memento_mori, layout_rooms, minmay_tetromino_t4
D:2:      layout_loops_cross, hellmonk_ecumenical_altar_zigzags, uniq_natasha
D:3:      layout_basic

Skill      XL: |  1  2  3  4 |
---------------+-------------+-----
Fighting       | 2 |  2.2
Dodging        | 3 |  3.0
Unarmed Combat | |  3.7
Shapeshifting  | |  3.6

Action                     |  1- 3 |  4- 6 || total
---------------------------+-------+-------++-------
  Melee: Unarmed           |    43 |    34 ||    77
         Constrict         |    14 |    10 ||    24
         Tentacles         |    11 |     8 ||    19
         Punch             |     1 |       ||     1
    Use: Potion            |       |     1 ||     1
   Stab: Sleeping          |     6 |     3 ||     9
 Armour: Skin              |     3 |       ||     3
  Dodge: Dodged            |    12 |    15 ||    27

Table legend: (Time is in decaauts)
 A = Elapsed time spent in this place.
 B = Non-inter-level travel time spent in this place.
 C = Inter-level travel time spent in this place.
 D = Time resting spent in this place.
 E = Time spent auto-exploring this place.
 F = Levels seen in this place.
 G = Mean time per level.
                   A        B        C        D        E       F      G
               +--------+--------+--------+--------+--------+-----+--------+
         Total |   1534 |   1433 |    101 |      0 |   1168 |   3 |  511.3 |
       Dungeon |   1534 |   1433 |    101 |      0 |   1168 |   3 |  511.3 |
               +--------+--------+--------+--------+--------+-----+--------+

Top non-repeatable levels by time:
     D:2: 884 daAuts
     D:1: 444 daAuts
     D:3: 206 daAuts
